 Dungeon Crawl Stone Soup version 0.31.0-9-g3a7656b989 (webtiles) character file.

Game seed: 3245581910258267175

81 qw the Shooter (level 4, -3/25 HPs)
             Began as a Deep Elf Hunter on Feb 2, 2024.
             Slain by a gnoll
             ... wielding a +0 flail
              (8 damage)
             ... on level 4 of the Dungeon.
             The game lasted 00:00:06 (1616 turns).

qw the Shooter (Deep Elf Hunter)                    Turns: 1616, Time: 00:00:07

Health: -3/25      AC:  5    Str: 10    XL:     4   Next: 20%
Magic:  6/6        EV: 12    Int: 14    God:
Gold:   122        SH:  0    Dex: 18    Spells: 3/3 levels left

rFire   + . .        g - +1 orcbow
rCold   . . .        (shield currently unavailable)
rNeg    . . .        b - +1 leather armour {rF+}
rPois   .            (no helmet)
rElec   .            (no cloak)
rCorr   .            (no gloves)
SInv    .            e - +0 pair of boots
Will    .....        (no amulet)
Stlth   +            (no ring)
HPRegen 0.24/turn    (no ring)
MPRegen 0.10/turn

%: no passive effects
@: on fire, glowing
A: no striking features
a: no special abilities


You were on level 4 of the Dungeon.
You visited 1 branch of the dungeon, and saw 4 of its levels.

You collected 122 gold pieces.


   Skills:
 - Level 1.5 Fighting
 + Level 7.6 Ranged Weapons
 - Level 2.4 Dodging
 - Level 1.2 Stealth


You had 3 spell levels left.
You didn't know any spells.
Your spell library was empty.

Inventory:

Hand Weapons
 g - a +1 orcbow (weapon)
Armour
 b - a +1 leather armour of fire resistance (worn)
 d - a +0 ring mail
 e - a +0 pair of boots (worn)
Scrolls
 h - a scroll of teleportation
Potions
 c - a potion of berserk rage {unknown}
 j - a potion of mutation {unknown}

Dungeon Overview and Level Annotations

Branches:
Dungeon (4/15)             Temple (0/1) D:4

Altars:
Ru

Annotations:
D:3 1 runed translucent door, Crazy Yiuf
D:4 Grinder


Message History

The hobgoblin barely misses you.
You shoot an arrow.
The arrow hits the hobgoblin but does no damage.
The hobgoblin closely misses you. The gnoll hits you but does no damage.
1607 ||| RETREEEEATING.
You shoot an arrow. The arrow hits the hobgoblin.
The hobgoblin is heavily wounded.
The hobgoblin barely misses you.
You shoot an arrow. The arrow hits the hobgoblin!
You kill the hobgoblin!
Grinder blinks!
You shoot an arrow.
The arrow barely misses the bombardier beetle.
You shoot an arrow. The arrow hits the bombardier beetle.
The bombardier beetle is lightly wounded.
The bombardier beetle barely misses you.
You shoot an arrow. The arrow hits the bombardier beetle!
The bombardier beetle is almost dead.
Grinder says, "Don't move a muscle."
Grinder closely misses you.
The bombardier beetle closely misses you.
1613 ||| RETREEEEATING.
You shoot an arrow.
The arrow barely misses the bombardier beetle.
The arrow hits the gnoll!
You kill the gnoll!
The bombardier beetle sprays incendiary fluid at you.
The burning spray hits you.
You are covered in liquid fire!
You shoot an arrow. The arrow barely misses the gnoll.
The liquid fire burns you! The gnoll hits you with a +0 flail!
The gnoll hits you but does no damage. The gnoll hits you with a +0 flail. x2
You shoot an arrow.
The arrow hits the bombardier beetle but does no damage.
The bombardier beetle is almost dead.
The liquid fire burns you!
The gnoll hits you from afar with a +0 spear.
The gnoll hits you with a +0 flail!
You die...

#.# #.# #.# #.# #.#
#..############.###
#................<#
#......gg..##..###
...##...#@.#..##
#..#.#gB...## #
#...g#..#..#
....#g..)##..##
#.....>.....#
...$##.(..#..# g.
..#....#!#
....#.#..#.# ##..
.?.##..#


You could see a bombardier beetle and 3 gnolls.

Vanquished Creatures
  An orc wizard (D:3)
  A gnoll (D:4)
  3 dart slugs
  2 orcs (D:3)
  3 bats
  2 endoplasms
  A giant cockroach (D:2)
  4 goblins
  3 hobgoblins
  3 jackals (D:2)
  3 quokkas
  5 ball pythons
  2 frilled lizards
  5 kobolds
  2 rats
40 creatures vanquished.

Notes
Turn   | Place    | Note
-------+----------+-------------------------------------------
     0 | D:1      | qw the Deep Elf Hunter began the quest for the Orb.
     0 | D:1      | Reached XP level 1. HP: 12/12 MP: 3/3
     0 | D:1      | 0 ||| qw: Version: 0.3-a-155-g5e7d8dd
     0 | D:1      | 0 ||| qw: Game counter: 442
     0 | D:1      | 0 ||| qw: Melee chars always use a shield: true
     0 | D:1      | 0 ||| qw: God list: Okawaru
     0 | D:1      | 0 ||| qw: Allow faded altars: false
     0 | D:1      | 0 ||| qw: Do Orc after clearing Dungeon:15 true
     0 | D:1      | 0 ||| qw: Do second Lair branch before Depths: true
     0 | D:1      | 0 ||| qw: Lair rune preference: random
     0 | D:1      | 0 ||| qw: Goals: Normal
     0 | D:1      | 0 ||| PLANNING D:1-11
   171 | D:1      | 171 ||| SWAPPING to +0 orcbow.
   172 | D:1      | 172 ||| DROPPING +0 shortbow.
   219 | D:1      | Reached XP level 2. HP: 16/16 MP: 4/4
   228 | D:1      | Reached skill level 6 in Ranged Weapons
   486 | D:1      | 486 ||| UPGRADING to +0 ring mail.
   496 | D:1      | 496 ||| DROPPING +0 leather armour.
   497 | D:1      | 497 ||| UPGRADING to +0 pair of boots.
   502 | D:1      | 502 ||| READING scroll labelled SOALUR KUOGUQ.
   505 | D:1      | 505 ||| READING scroll labelled VAPLI PUAJEOJA.
   505 | D:1      | 505 ||| IDENTIFYING glowing silvery potion
   506 | D:1      | 506 ||| READING scroll labelled LIRIUL MICAP.
   507 | D:1      | 507 ||| DROPPING scroll of butterflies.
   508 | D:1      | 508 ||| DROPPING potion of degeneration.
   798 | D:2      | Reached XP level 3. HP: 20/20 MP: 5/5
   990 | D:2      | 990 ||| READING scroll labelled LAGRIAGANO.
   991 | D:2      | 991 ||| DRINKING 2 grey potions.
   992 | D:2      | 992 ||| DROPPING potion of brilliance.
  1129 | D:3      | Reached skill level 7 in Ranged Weapons
  1132 | D:3      | HP: 4/20 [something (4)]
  1235 | D:3      | Found a sacrificial altar of Ru.
  1239 | D:3      | Reached XP level 4. HP: 25/25 MP: 6/6
  1326 | D:3      | Found a runed translucent door.
  1327 | D:3      | Noticed Crazy Yiuf
  1550 | D:3      | 1550 ||| UPGRADING to +1 leather armour of fire resistance.
  1560 | D:3      | 1560 ||| READING scroll labelled KURYSEROLI.
  1561 | D:3      | 1561 ||| READING scroll labelled GIN LAW CUPLUVVYQ.
  1561 | D:3      | 1561 ||| ENCHANTING +0 orcbow.
  1590 | D:4      | Found a staircase to the Ecumenical Temple.
  1591 | D:4      | 1591 ||| PLANNING TEMPLE
  1599 | D:4      | Noticed Grinder
  1602 | D:4      | 1602 ||| RETREEEEATING.
  1603 | D:4      | 1603 ||| RETREEEEATING.
  1607 | D:4      | 1607 ||| RETREEEEATING.
  1613 | D:4      | 1613 ||| RETREEEEATING.
  1616 | D:4      | HP: 6/25 [burnt (3)]
  1616 | D:4      | Slain by a gnoll

Levels and vault maps discovered:
D:1:      roderic_chinese_lattice_arrival, layout_basic,
          shapermc_ecumenical_altar_petra
D:2:      layout_basic, corexii_item_surrounded_by_moat
D:3:      layout_basic, nicolae_ru_awakened_eye, uniq_crazy_yiuf_cottage
D:4:      layout_basic, minmay_temple_entry_mini_moons, serial_demonic,
          serial_demonic_d, serial_demonic_b, serial_demonic_f,
          serial_demonic_b, nicolae_shop_dragon_depot, uniq_blork_the_orc,
          uniq_grinder

Skill      XL: |  1  2  3 |
---------------+----------+-----
Ranged Weapons | 6 7 |  7.6
Fighting       | |  1.5
Dodging        | |  2.4
Stealth        | |  1.2

Action                     |  1- 3 |  4- 6 || total
---------------------------+-------+-------++-------
   Fire: Shortbow          |    16 |       ||    16
         Orcbow            |    87 |    16 ||   103
    Use: Scroll            |     4 |     2 ||     6
         Potion            |     1 |       ||     1
 Armour: Leather armour    |     1 |     7 ||     8
         Ring mail         |    20 |       ||    20
  Dodge: Dodged            |    10 |     6 ||    16

Table legend:
 A = Non-vault XP
 B = Vault XP
 C = Vault XP percentage of total XP
 D = Non-vault monster count
 E = Vault monster count
 F = Vault count percentage of total count
                 A         B        C        D         E       F
            +---------+---------+-------+---------+---------+-------
      Total |     117 |       0 |   0.0 |      40 |       0 |   0.0
            +---------+---------+-------+---------+---------+-------
        D:1 |      18 |       0 |   0.0 |      11 |       0 |   0.0
        D:2 |      28 |       0 |   0.0 |      16 |       0 |   0.0
        D:3 |      54 |       0 |   0.0 |      11 |       0 |   0.0
        D:4 |      17 |       0 |   0.0 |       2 |       0 |   0.0
            +---------+---------+-------+---------+---------+-------
